Map: 궤도 조선소

Players

lIlIlIlIlIlI

  • Race: Terran Terran
  • League: Grandmaster

MyuNgSiK - Winner!

  • Race: Protoss Protoss
  • League: Grandmaster

VOD

Have the link to the VOD?

Description

Time

  • Played on: Nov. 21, 2015, 12:11 p.m.
  • Length: 11:06
Show
View Real Time Build Order
Export as new Build Order

lIlIlIlIlIlI Terran 

Build Orders: Liberator Opening, MMM Bio 

Get SALT Encoding   

  12  0:01  SCV  
  13  0:13  SCV  
  14  0:17  Supply Depot  
  14  0:25  SCV  
  15  0:39  SCV  
  15  0:42  Barracks  
  16  0:43  Refinery  
  16  0:51  SCV  
  17  1:03  SCV  
  18  1:15  SCV  
  19  1:29  Orbital Command  
  19  1:33  Barracks Reactor  
  19  1:44  Command Center  
  19  1:55  SCV  
  19  1:56  Supply Depot  
  20  2:08  SCV, Factory  
  21  2:11  Marine x2  
  23  2:20  SCV  
  23  2:21  Refinery  
  24  2:32  SCV  
  24  2:36  Marine x2  
  27  2:37  Bunker  
  27  2:46  SCV  
  28  2:54  Widow Mine  
  28  2:55  Starport  
  28  2:56  Marine  
  28  2:57  Marine  
  32  3:04  Orbital Command  
  32  3:08  SCV  
  33  3:20  SCV  
  33  3:22  Marine x2  
  33  3:25  Widow Mine  
  38  3:31  SCV  
  38  3:32  Medivac  
  41  3:35  SCV  
  42  3:42  Supply Depot  
  42  3:43  SCV  
  42  3:44  Marine x2  
  42  3:47  SCV  
  46  3:59  Liberator  
  43  4:13  Marine  
  43  4:14  Marine  
  43  4:16  SCV  
  49  4:25  Command Center  
  49  4:27  Barracks x2  
  49  4:29  Factory Tech Lab  
  49  4:34  SCV x2  
  49  4:38  Engineering Bay  
  51  4:39  Marine  
  52  4:51  SCV  
  50  4:59  SCV  
  51  5:03  SCV  
  51  5:04  Starport Tech Lab  
  51  5:06  Terran Infantry Weapons Level 1  
  52  5:11  SCV  
  52  5:12  Missile Turret  
  52  5:13  Missile Turret  
  53  5:15  SCV  
  53  5:17  Stimpack  
  54  5:23  Refinery  
  54  5:27  Supply Depot  
  54  5:30  Supply Depot  
  54  5:37  SCV x2  
  54  5:41  Starport Reactor  
  54  5:49  SCV  
  55  5:51  Orbital Command  
  55  5:54  SCV  
  55  5:56  Marauder, Marine x2  
  55  5:57  Combat Shields, Marauder  
  62  6:01  SCV  
  63  6:06  SCV  
  64  6:11  Refinery  
  64  6:13  SCV  
  64  6:18  SCV, Barracks  
  65  6:20  Barracks  
  65  6:21  SCV  
  67  6:26  SCV  
  67  6:30  Marauder, Marine x2  
  67  6:31  Factory Reactor, Marauder  
  75  6:32  SCV  
  75  6:33  SCV  
  75  6:39  SCV  
  77  6:44  Supply Depot  
  77  6:45  SCV x2  
  77  6:46  Supply Depot  
  79  6:51  SCV  
  79  6:53  Orbital Command  
  80  6:55  Marauder, Marine  
  80  6:56  Marauder  
  80  7:00  Terran Infantry Armor Level 1  
  85  7:04  Supply Depot  
  85  7:06  SCV x2, Medivac, Marine  
  90  7:14  Barracks Reactor, Barracks Tech Lab  
  87  7:18  SCV x2  
  89  7:23  Missile Turret  
  89  7:25  Marine  
  89  7:26  Marauder x2, Marine  
  89  7:29  SCV  
  100  7:30  SCV x2  
  101  7:40  Starport  
  101  7:43  Medivac x2  
  101  7:46  SCV  
  101  7:47  SCV x2  
  101  7:49  Missile Turret  
  104  7:52  Armory  
  104  7:56  Engineering Bay  
  104  7:58  SCV  
  104  7:59  SCV  
  104  8:01  SCV  
  104  8:04  Refinery x2  
  107  8:09  Missile Turret  
  107  8:11  SCV x2  
  109  8:18  Supply Depot  
  109  8:19  Supply Depot x2  
  109  8:20  SCV, Viking x3, Supply Depot  
  109  8:24  SCV  
  117  8:38  Marine  
  117  8:39  Marine x3  
  117  8:40  SCV, Viking  
  118  8:45  Marauder, Marine  
  118  8:46  Marauder  
  123  8:55  Viking  
  123  8:56  Viking, Marine  
  123  8:57  Marine x3  
  131  9:03  Marauder  
  131  9:07  Marauder x2  
  130  9:14  Marine  
  130  9:15  Marine x2  
  128  9:17  Viking x2  
  128  9:18  Marine  
  132  9:25  Supply Depot x2, Marauder  
  132  9:28  Marauder x2  
  138  9:32  Marine  
  138  9:33  Marine x2  
  138  9:37  Viking x2  
  145  9:39  Marine  
  142  9:46  Marauder  
  142  9:49  Marine  
  142  9:50  Marauder x2  
  145  9:57  Marine x2  
  145  9:58  Supply Depot x2, Marine  
  142  10:07  Marauder, Marine  
  142  10:09  Viking x3  
  142  10:11  Marauder x2  
  148  10:15  Marine  
  134  10:29  Marauder  
  134  10:30  Marine x2  
  134  10:32  Marauder x2  
  134  10:35  Marine x2  
  99  10:48  Marine  
Show
View Real Time Build Order
Export as new Build Order

MyuNgSiK Protoss - Winner!

Build Orders: 1 Gate Expand, Oracle Opening, Phoenix Opening 

Get SALT Encoding   

  12  0:01  Probe (Chrono Boost)  
  13  0:11  Probe (Chrono Boost)  
  14  0:19  Pylon  
  14  0:22  Probe (Chrono Boost)  
  15  0:37  Gateway, Probe (Chrono Boost)  
  15  0:41  Assimilator  
  16  0:48  Probe (Chrono Boost)  
  17  0:58  Probe (Chrono Boost)  
  18  1:09  Probe (Chrono Boost)  
  19  1:19  Nexus  
  19  1:29  Cybernetics Core  
  19  1:31  Probe (Chrono Boost)  
  20  1:37  Assimilator  
  20  1:42  Probe (Chrono Boost)  
  20  1:46  Pylon  
  21  1:52  Probe (Chrono Boost)  
  22  2:03  Probe (Chrono Boost)  
  22  2:06  Adept (Chrono Boost)  
  25  2:14  Probe, Stargate  
  26  2:23  Warp Gate  
  26  2:26  Probe (Chrono Boost)  
  27  2:30  Adept  
  27  2:35  Probe (Chrono Boost)  
  30  2:37  Probe (Chrono Boost)  
  31  2:45  Probe (Chrono Boost)  
  31  2:48  Probe (Chrono Boost)  
  33  2:55  Probe (Chrono Boost)  
  35  2:58  Probe (Chrono Boost), Oracle (Chrono Boost)  
  35  3:04  Probe, Pylon  
  38  3:10  Probe  
  40  3:15  Probe  
  41  3:22  Probe  
  41  3:25  Probe  
  42  3:30  Oracle (Chrono Boost)  
  46  3:34  Probe  
  46  3:36  Probe  
  48  3:42  Assimilator  
  48  3:44  Robotics Facility  
  48  3:46  Probe, Pylon  
  48  3:47  Probe, Assimilator  
  50  3:57  Probe  
  50  3:58  Probe  
  54  4:02  Phoenix (Chrono Boost)  
  54  4:08  Probe  
  55  4:10  Probe  
  55  4:15  Pylon  
  56  4:18  Probe, Gateway  
  56  4:19  Gateway  
  56  4:24  Mothership Core, Pylon  
  59  4:26  Pylon  
  59  4:29  Probe  
  60  4:39  Probe  
  60  4:43  Phoenix (Chrono Boost)  
  60  4:45  Probe  
  64  4:51  Probe  
  65  4:55  Observer (Chrono Boost)  
  65  4:57  Probe  
  67  5:02  Pylon  
  67  5:03  Probe  
  68  5:08  Nexus  
  68  5:09  Probe, Pylon  
  71  5:14  Warp Prism (Chrono Boost)  
  71  5:15  Probe  
  71  5:16  Pylon  
  71  5:19  Robotics Bay  
  73  5:21  Probe  
  73  5:22  Phoenix  
  73  5:27  Probe  
  76  5:45  Phoenix  
  79  5:50  Probe x2, Observer (Chrono Boost)  
  79  5:55  Gateway  
  79  5:56  Gateway  
  81  5:58  Gateway  
  81  6:00  Adept x3, Pylon  
  81  6:02  Probe  
  88  6:06  Probe  
  88  6:11  Colossus (Chrono Boost)  
  95  6:14  Probe  
  95  6:15  Phoenix  
  96  6:19  Probe  
  96  6:20  Sentry, Adept  
  96  6:23  Adept  
  105  6:25  Probe  
  105  6:27  Probe  
  107  6:37  Phoenix, Assimilator  
  107  6:38  Pylon  
  107  6:41  Assimilator  
  107  6:44  Extended Thermal Lance  
  109  6:52  Forge  
  109  6:53  Probe  
  109  6:54  Probe x2  
  112  7:01  Colossus (Chrono Boost)  
  118  7:17  Adept x5  
  118  7:18  Adept  
  118  7:21  Protoss Ground Armor Level 1 (Chrono Boost)  
  130  7:23  Twilight Council  
  130  7:25  Forge  
  130  7:30  Photon Cannon  
  130  7:31  Phoenix (Chrono Boost)  
  130  7:35  Probe x3, Photon Cannon  
  135  7:42  Colossus  
  141  8:00  Gateway  
  141  8:01  Gateway, Protoss Ground Weapons Level 1 (Chrono Boost)  
  141  8:02  Blink  
  141  8:13  Pylon  
  141  8:14  Pylon  
  141  8:15  Pylon  
  141  8:17  Pylon  
  141  8:18  Pylon  
  141  8:31  Adept x3, Phoenix (Chrono Boost)  
  141  8:32  Adept x3  
  155  8:46  Colossus  
  155  8:52  Stalker x5  
  155  8:53  Stalker  
  171  9:16  Stalker  
  171  9:17  Stalker x4  
  179  9:53  Colossus  
  173  10:14  Stalker x4  
  173  10:15  Stalker x2  
  175  10:22  Phoenix  
  165  10:33  Stalker x2  
  155  10:37  Stalker x4  
  155  10:38  Stalker  
  149  10:58  Gateway  
  149  11:00  Adept  
  149  11:01  Gateway, Adept x7  
Tags
 
Add a new tag
Caveats
  • Supply blocks, unpowered buildings, or Contaminate may cause inaccurate times.
  • Supply counts are checked every 10 seconds.